 Dungeon Crawl Stone Soup version 0.28.0-1-gb440e238dd (webtiles) character file.

Game seed: 6317096458005483803

801 pkoi the Zephyrmancer (level 7, -2/75 HPs)
             Began as a Pale Draconian Air Elementalist on Feb 27, 2022.
             Slain by an ogre (18 damage)
             ... on level 5 of the Dungeon.
             The game lasted 00:10:07 (7488 turns).

pkoi the Zephyrmancer (DrAE)                        Turns: 7488, Time: 00:10:08

Health: -2/75      AC: 23    Str: 11    XL:     7   Next: 59%
Magic:  10/10      EV:  2    Int: 17    God:
Gold:   231        SH:  0    Dex: 11    Spells: 1/11 levels left

rFire   + . .      SeeInvis .   m - +3 dagger (venom)
rCold   . . .      Faith    .   (no shield)
rNeg    . . .      Spirit   .   (armour unavailable)
rPois   +          Reflect  .   (helmet currently unavailable)
rElec   .          Harm     .   (cloak currently unavailable)
rCorr   .          Rampage  .   (gloves currently unavailable)
Will    .....      NoTele   +   (boots currently unavailable)
Stlth   ++........              (no amulet)
HPRegen 0.22/turn               c - ring of protection from fire
MPRegen 0.12/turn               (no ring)

@: tree-form, studying Evocations
A: stationary, stasis, torment immunity, boosted hp, (breathe steam), AC +6,
unfitting armour, (cold-blooded), (steam resistance)
a: no special abilities


You were on level 5 of the Dungeon.
You were a tree.
You visited 1 branch of the dungeon, and saw 6 of its levels.

You collected 231 gold pieces.

Inventory:

Hand Weapons
 d - a +0 short sword of flaming
 g - a +0 dagger of venom
 m - a +3 dagger of venom (weapon)
Armour
 q - a +1 cloak (melded)
Jewellery
 c - a ring of protection from fire (left branch)
 n - a ring of magical power
Scrolls
 o - 3 scrolls of fear
 t - a scroll of summoning
Potions
 b - 3 potions of curing
 e - 4 potions of flight {unknown}
 h - 2 potions of attraction {unknown}
 i - 2 potions of heal wounds {unknown}
 k - 5 potions of cancellation
 p - a potion of haste
 r - a potion of brilliance {unknown}
 w - a potion of might


   Skills:
 - Level 1.7 Dodging
 - Level 1.7 Stealth
 + Level 2.6 Spellcasting
 + Level 2.1 Conjurations
 + Level 1.6 Translocations
 + Level 9.2 Air Magic


You had one spell level left.
You knew the following spells:

 Your Spells              Type           Power      Damage    Failure   Level
a - Shock                 Conj/Air       84%        1d8       1%          1
b - Swiftness             Air            33%        N/A       1%          3
c - Airstrike             Air            16%        N/A       4%          4
d - Blink                 Tloc           14%        N/A       14%         2

Your spell library contained the following spells:

 Spells                   Type           Power      Damage    Failure   Level
 Freeze                   Ice            8%         1d3       19%         1
 Static Discharge         Conj/Air       21%        N/A       2%          2
 Gell's Gravitas          Tloc           7%         N/A       26%         3
 Lesser Beckoning         Tloc           7%         N/A       26%         3
 Teleport Other           Tloc           7%         N/A       26%         3
 Dazzling Flash           Conj/Hex       10%        N/A       34%         3
 Frozen Ramparts          Ice            4%         1d2       50%         3
 Tukima's Dance           Hex            2%         N/A       50%         3
 Iskenderun's Mystic Bla  Conj/Tloc      8%         2d4       63%         4
 Passage of Golubria      Tloc           7%         N/A       65%         4
 Hailstorm                Conj/Ice       5%         3d4       75%         4
 Manifold Assault         Tloc           7%         N/A       94%         5
 Irradiate                Conj/Tmut      2%         3d14      97%         5
 Blade Hands              Tmut           1%         N/A       99%         5
 Yara's Violent Unravell  Hex/Tmut       1%         3d3       99%         5
 Starburst                Conj/Fire      2%         6d3       100%        6
 Dragon Form              Tmut           1%         N/A       100%        7
 Storm Form               Tmut/Air       8%         N/A       100%        7


Dungeon Overview and Level Annotations

Branches:
Dungeon (6/15)             Temple (0/1) D:6

Altars:
Okawaru
Trog
Wu Jian
The Shining One
Beogh

Shops:
D:3 =

Annotations:
D:3 3 runed translucent doors, Grinder; Jase's ghost, amateur MfIE


Innate Abilities, Weirdness & Mutations

You are a tree.
Your roots penetrate the ground, keeping you stationary.
You cannot be teleported.
You are immune to unholy pain and torment.
Your maximum health is greatly increased.
Your equipment is partially melded.
((You can breathe blasts of scalding, opaque steam.))
((Your pale cyan-grey scales are hard. (AC +6)))
You cannot fit into any form of body armour.
((You are cold-blooded and may be slowed by cold attacks.))
((You are immune to the effects of steam.))


Message History

HP restored.
You start waiting.
Done waiting.
You climb downwards.
The ogre hits you with a +0 giant club!
* * * LOW HITPOINT WARNING * * *
The centaur unwields a +2 shortbow of flaming.
It stops flaming.
The centaur hits you but does no damage.
The centaur barely misses you. The ogre hits you with a +0 giant club!
* * * LOW HITPOINT WARNING * * *
There is a stone staircase leading up, spattered with blood here.
The centaur completely misses you. The centaur kicks you.
* * * LOW HITPOINT WARNING * * *
The centaur hits you but does no damage.
The centaur kicks you.
* * * LOW HITPOINT WARNING * * *
You climb upwards.
There is a stone staircase leading down here.
Unknown command.
Unknown command.
Really quaff the potion of lignification?
You turn into a tree.
Your +1 cloak melds into your body.
Your roots penetrate the ground.
The centaur hits you.
* * * LOW HITPOINT WARNING * * *
The centaur kicks you but does no damage.
The ogre hits you with a +0 giant club!
* * * LOW HITPOINT WARNING * * *
Unknown command.
You hit the centaur.
The centaur is poisoned.
The centaur is lightly wounded.
The centaur hits you but does no damage.
The centaur kicks you but does no damage.
The ogre hits you but does no damage.
The centaur hits you but does no damage.
The centaur kicks you but does no damage.
It was a potion of curing.
You feel better.
The centaur hits you but does no damage.
The centaur kicks you but does no damage.
The ogre hits you with a +0 giant club!!
You die...

.# #......##....#
.# #####..##.##.#
.# #..##.#### .#
#..#### .#
#########..## .#
#...........#
.#####...........#
....##.........c.#
.##.##..........♣#
###.##.......(.#O#
....##.........'.#
.#####.........###
.#######.##.##.#
.........##.##.#
###########....####
###.....# #.###.#


You could see an ogre and a centaur (very poisoned).

Vanquished Creatures
  A necrophage (D:4)
  2 ogres
  A phantom (D:4)
  A water moccasin skeleton (D:4)
  2 hounds (D:5)
  Crazy Yiuf (D:2)
  A bullfrog skeleton (D:5)
  Terence (D:2)
  An iguana (D:4)
  An orc wizard (D:5)
  A hound zombie (D:5)
  A hound skeleton (D:4)
  A howler monkey skeleton (D:4)
  2 adders (D:3)
  3 gnolls
  A shadow imp (D:4)
  An adder zombie (D:5)
  3 adder skeletons (D:4)
  6 worms (D:2)
  A dart slug (D:2)
  10 orcs
  6 bats
  5 endoplasms
  A giant cockroach (D:3)
  11 goblins
  9 hobgoblins
  4 jackals
  6 kobolds
  A quokka (D:1)
  8 ball pythons
  A frilled lizard (D:2)
  6 rats
100 creatures vanquished.

Vanquished Creatures (collateral kills)
  2 orcs (D:3)
  A kobold (D:3)
3 creatures vanquished.

Vanquished Creatures (others)
  4 fungi (D:2)
4 creatures vanquished.

Grand Total: 107 creatures vanquished

Notes
Turn   | Place    | Note
-------+----------+-------------------------------------------
     0 | D:1      | pkoi the Draconian Air Elementalist began the quest for the
                  | Orb.
     0 | D:1      | Reached XP level 1. HP: 14/14 MP: 3/3
   170 | D:1      | Found a faded altar of an unknown god.
   249 | D:1      | Reached XP level 2. HP: 19/20 MP: 0/5
   547 | D:1      | Reached skill level 4 in Air Magic
   923 | D:1      | Reached XP level 3. HP: 10/26 MP: 6/6
  1861 | D:2      | Noticed Terence
  1886 | D:2      | Killed Terence
  1887 | D:2      | Reached skill level 5 in Air Magic
  1887 | D:2      | Reached XP level 4. HP: 21/33 MP: 4/7
  3266 | D:2      | Found a runed translucent door.
  3267 | D:2      | Noticed Crazy Yiuf
  3279 | D:2      | Killed Crazy Yiuf
  3280 | D:2      | Reached XP level 5. HP: 26/38 MP: 0/8
  3440 | D:3      | Reached skill level 6 in Air Magic
  3748 | D:3      | Found Litzil's Jewellery Boutique.
  3969 | D:3      | Found a glowing golden altar of the Shining One.
  3969 | D:3      | Noticed Grinder
  4269 | D:3      | Found an ornate altar of the Wu Jian Council.
  4373 | D:3      | Found a runed translucent gate.
  4375 | D:3      | Found a runed translucent gate.
  4375 | D:3      | Found a runed translucent gate.
  4376 | D:3      | Noticed Jase's ghost (amateur MfIE)
  4472 | D:4      | Noticed a phantom
  4823 | D:4      | Noticed a necrophage
  4839 | D:4      | Killed a necrophage
  4840 | D:4      | Reached XP level 6. HP: 33/45 MP: 0/9
  5058 | D:4      | Found a bloodstained altar of Trog.
  5064 | D:4      | Reached skill level 7 in Air Magic
  5721 | D:4      | Identified the +2 helmet of Koygg {rF+ rC+ Slay+2}
  6023 | D:4      | Found an iron altar of Okawaru.
  6133 | D:5      | Entered Level 5 of the Dungeon
  6138 | D:5      | Learned a level 3 spell: Swiftness
  6143 | D:5      | Learned a level 4 spell: Airstrike
  6323 | D:5      | Reached skill level 8 in Air Magic
  6323 | D:5      | Your scales start taking on a pale cyan-grey colour.
  6323 | D:5      | Reached XP level 7. HP: 50/50 MP: 3/10
  6323 | D:5      | Gained mutation: You are immune to the effects of steam.
                  | [Pale Draconian growth]
  6479 | D:5      | Learned a level 2 spell: Blink
  6640 | D:5      | Reached skill level 1 in Translocations
  6640 | D:5      | Reached skill level 9 in Air Magic
  7125 | D:6      | Noticed a yak
  7125 | D:6      | Noticed a yak
  7126 | D:6      | Noticed a yak
  7126 | D:6      | Noticed a yak
  7128 | D:6      | Noticed a yak
  7488 | D:5      | Slain by an ogre

Illustrated notes

Levels and vault maps discovered:
D:1:      lightli_arrival_lavapool, layout_rooms,
          hellmonk_ecumenical_altar_heavens_door
D:2:      layout_loops_ring, uniq_terence, uniq_crazy_yiuf_cottage
D:3:      layout_basic, mainiacjoe_overflow_cross_hatched, lemuel_tele_altar,
          biasface_ghost_orc_armoury, serial_shops, shop, uniq_grinder
D:4:      layout_basic, trog_three_pillars_becter,
          nicolae_overflow_hidden_temple, minmay_manual_monstrance
D:5:      layout_basic
D:6:      layout_loops_cross, slow_altar_2, minmay_temple_entry_statues_pillars,
          grunt_decor_resistance, patterned_corridor, uniq_menkaure

Skill      XL: |  1  2  3  4  5  6  7 |
---------------+----------------------+-----
Air Magic      | 4 5 6 8 9 |  9.2
Translocations | 1 |  1.6
Conjurations   | 2 |  2.1
Dodging        | |  1.7
Stealth        | |  1.7
Spellcasting   | |  2.6

Action                   |  1- 3 |  4- 6 |  7- 9 || total
-------------------------+-------+-------+-------++-------
Melee: Short sword       |     1 |       |       ||     1
       Unarmed           |     1 |       |       ||     1
       Dagger            |    70 |    75 |    20 ||   165
       Tailslap          |     9 |     9 |     1 ||    19
       Punch             |       |     1 |       ||     1
 Cast: Shock             |    44 |   143 |    19 ||   206
 Abil: Breathe Steam     |       |       |     3 ||     3
  Use: Scroll            |       |     9 |     6 ||    15
       Potion            |       |       |     2 ||     2
 Stab: Sleeping          |     2 |       |       ||     2
Armor: Skin              |    24 |    28 |    17 ||    69
Dodge: Dodged            |    53 |    38 |    21 ||   112
